3AAA
PORT ROYAL DISASTER @ SALT LAKE CITY BUZZ
07/20/2034
 
TOP OF THE 1ST
Port Royal Disaster batting - Pitching for Salt Lake City Buzz : RHP Matko Perisc
Pitching: RHP Matko Perisc
Batting: LHB Ricky Payton 0-0: Ball
1-0: SINGLE (Line Drive, 4M)
Batting: SHB Júlio Morín Jr. 0-0: Ball
Wild Pitch!
Ricky Payton to second
1-0: Called Strike
1-1: Ball
2-1: Ball
3-1: Base on Balls
Batting: RHB Michael Brannon 0-0: Ball
1-0: Swinging Strike
1-1: Foul Ball, location: 2F
1-2: Ball
2-2: SINGLE (Line Drive, 56D)
Ricky Payton to third
Júlio Morín Jr. to second
Runner from 3rd tries for Home, throw and OUT!
Batting: RHB John Burton 0-0: Foul Ball, location: 2F
0-1: Called Strike
0-2: SINGLE (Line Drive, 34D)
Júlio Morín Jr. to third
Michael Brannon to second
Batting: RHB Anson Darrah 0-0: Ball
1-0: Fielders Choice at 2nd, 4-6 (Groundball, 34)
Júlio Morín Jr. scores
Michael Brannon to third
Batting: RHB Richard Cutshall 0-0: Called Strike
0-1: Ball
1-1: Foul Ball, location: 2F
1-2: Ball
2-2: SINGLE (Line Drive, 8RS)
Michael Brannon scores
Anson Darrah to second
Batting: LHB Willis Baker 0-0: Ball
1-0: Ground out 4-3 (Groundball, 34D)
Top of the 1st over - 2 runs, 4 hits, 0 errors, 2 left on base; Port Royal 2 - Salt Lake City 0
BOTTOM OF THE 1ST
Salt Lake City Buzz batting - Pitching for Port Royal Disaster : RHP Aldo Raine
Pitching: RHP Aldo Raine
Batting: RHB Germán Espantoso 0-0: Ball
1-0: Ball
2-0: Ball
3-0: Base on Balls
Batting: LHB Orlando Casillas Pickoff Throw to First - Error! E1
Germán Espantoso to second
0-0: Ball
1-0: Ball
2-0: Ball
Wild Pitch!
Germán Espantoso to third
3-0: Base on Balls
Batting: RHB Bill Chaundler 0-0: Ball
1-0: Called Strike
1-1: Ball
2-1: Called Strike
2-2: Strikes out swinging
Batting: LHB Jackson Curry 0-0: Ball
Orlando Casillas steals 2nd base
1-0: Ball
2-0: Foul Ball, location: 2F
2-1: Foul Ball, location: 2F
2-2: Fly out, F6 (Line Drive, 6)
Batting: RHB Scott Ramsey 0-0: Called Strike
0-1: Ball
1-1: Called Strike
1-2: SINGLE (Line Drive, 8LS)
Germán Espantoso scores
Orlando Casillas to third
Runner from 3rd tries for Home, SAFE, no throw
Batting: RHB Christian Gentry 0-0: Ground out 6-3 (Groundball, 6M)
Bottom of the 1st over - 2 runs, 1 hit, 1 error, 1 left on base; Port Royal 2 - Salt Lake City 2
TOP OF THE 2ND
Port Royal Disaster batting - Pitching for Salt Lake City Buzz : RHP Matko Perisc
Batting: LHB Mitchell Cusimano 0-0: Ball
1-0: Called Strike
1-1: Fly out, F7 (Line Drive, 7)
Batting: RHB Ryan Faulkner 0-0: Called Strike
0-1: Foul Ball, location: 2F
0-2: Ground out 5-3 (Groundball, 56S)
Batting: LHB Ricky Payton 0-0: Fly out, F8 (Flyball, 8RM)
Top of the 2nd over - 0 runs, 0 hits, 0 errors, 0 left on base; Port Royal 2 - Salt Lake City 2
BOTTOM OF THE 2ND
Salt Lake City Buzz batting - Pitching for Port Royal Disaster : RHP Aldo Raine
Batting: LHB Júlio Madrid 0-0: Foul Ball, location: 2F
0-1: Ball
1-1: Ball
2-1: Ball
3-1: Base on Balls
Batting: RHB Hui-ying Sun 0-0: Ball
Wild Pitch!
Júlio Madrid to second
1-0: Ball
2-0: Called Strike
2-1: Ground out 4-3 (Groundball, 4)
Júlio Madrid to third
Batting: RHB Manyara Akintola 0-0: Ground out 5-3 (Groundball, 56)
Júlio Madrid scores
Batting: RHB Germán Espantoso 0-0: Ball
1-0: Fly out, F3 (Popup, 23F)
Bottom of the 2nd over - 1 run, 0 hits, 0 errors, 0 left on base; Port Royal 2 - Salt Lake City 3
TOP OF THE 3RD
Port Royal Disaster batting - Pitching for Salt Lake City Buzz : RHP Matko Perisc
Batting: SHB Júlio Morín Jr. 0-0: Foul Ball, location: 2F
0-1: Called Strike
0-2: Fly out, F6 (Popup, 6MD)
Batting: RHB Michael Brannon 0-0: Ball
1-0: Foul Ball, location: 2F
1-1: Fly out, F4 (Flyball, 34D)
Batting: RHB John Burton 0-0: Ball
1-0: Ball
2-0: Ball
3-0: Base on Balls
Batting: RHB Anson Darrah 0-0: Ball
John Burton steals 2nd base
1-0: Foul Ball, location: 2F
1-1: Swinging Strike
1-2: Strikes out looking
Top of the 3rd over - 0 runs, 0 hits, 0 errors, 1 left on base; Port Royal 2 - Salt Lake City 3
BOTTOM OF THE 3RD
Salt Lake City Buzz batting - Pitching for Port Royal Disaster : RHP Aldo Raine
Batting: LHB Orlando Casillas 0-0: Foul Ball, location: 2F
0-1: Ground out 4-3 (Groundball, 34)
Batting: RHB Bill Chaundler 0-0: Called Strike
0-1: Foul Ball, location: 2F
0-2: Ball
1-2: Foul Ball, location: 2F
1-2: Ball
2-2: SINGLE (Line Drive, 78S)
Batting: LHB Jackson Curry 0-0: Ball
1-0: Foul Ball, location: 2F
1-1: Called Strike
1-2: Fly out, F8 (Flyball, 8LD)
Batting: RHB Scott Ramsey 0-0: Ball
1-0: Ball
2-0: Ball
3-0: Foul Ball, location: 2F
3-1: Base on Balls
Bill Chaundler to second
Batting: RHB Christian Gentry 0-0: Called Strike
0-1: Ball
1-1: Ball
2-1: Foul Ball, location: 2F
2-2: Foul Ball, location: 2F
2-2: Ground out 4-3 (Groundball, 34)
Bottom of the 3rd over - 0 runs, 1 hit, 0 errors, 2 left on base; Port Royal 2 - Salt Lake City 3
TOP OF THE 4TH
Port Royal Disaster batting - Pitching for Salt Lake City Buzz : RHP Matko Perisc
Batting: RHB Richard Cutshall 0-0: Ball
1-0: Called Strike
1-1: Ball
2-1: Fly out, F3 (Flyball, 3D)
Batting: LHB Willis Baker 0-0: Called Strike
0-1: Ball
1-1: Called Strike
1-2: Ball
2-2: Ball
3-2: Fly out, F3 (Flyball, 3DF)
Batting: LHB Mitchell Cusimano 0-0: Called Strike
0-1: Ball
1-1: Ball
2-1: Ball
3-1: Foul Ball, location: 2F
3-2: Base on Balls
Batting: RHB Ryan Faulkner 0-0: Called Strike
0-1: Fly out, F7 (Line Drive, 78M)
Top of the 4th over - 0 runs, 0 hits, 0 errors, 1 left on base; Port Royal 2 - Salt Lake City 3
BOTTOM OF THE 4TH
Salt Lake City Buzz batting - Pitching for Port Royal Disaster : RHP Aldo Raine
Batting: LHB Júlio Madrid 0-0: Fly out, F7 (Flyball, 78D)
Batting: RHB Hui-ying Sun 0-0: Called Strike
0-1: Fly out, F9 (Flyball, 9)
Batting: RHB Manyara Akintola 0-0: Ball
1-0: Ground out U3 (Groundball, 3)
Bottom of the 4th over - 0 runs, 0 hits, 0 errors, 0 left on base; Port Royal 2 - Salt Lake City 3
TOP OF THE 5TH
Port Royal Disaster batting - Pitching for Salt Lake City Buzz : RHP Matko Perisc
Batting: LHB Ricky Payton 0-0: Ball
1-0: Fly out, F8 (Flyball, 8RD)
Batting: SHB Júlio Morín Jr. 0-0: Ball
1-0: Called Strike
1-1: Swinging Strike
1-2: SINGLE (Groundball, 34S) (infield hit)
Batting: RHB Michael Brannon 0-0: Ball
1-0: Ball
2-0: Foul Ball, location: 2F
2-1: Ball
3-1: Base on Balls
Júlio Morín Jr. to second
Pitching: RHP Ben Hopley
Batting: RHB John Burton 0-0: Called Strike
0-1: Ball
1-1: Foul Ball, location: 2F
1-2: Fielders Choice at 2nd, 1-4 (Groundball, 15S)
Júlio Morín Jr. to third
Batting: RHB Anson Darrah 0-0: Ball
1-0: Fielders Choice at 2nd, 6-4 (Groundball, 6)
Top of the 5th over - 0 runs, 1 hit, 0 errors, 2 left on base; Port Royal 2 - Salt Lake City 3
BOTTOM OF THE 5TH
Salt Lake City Buzz batting - Pitching for Port Royal Disaster : RHP Aldo Raine
Batting: RHB Germán Espantoso 0-0: Ball
1-0: Called Strike
1-1: SINGLE (Groundball, 56S) (infield hit)
Batting: LHB Orlando Casillas 0-0: Reached on error, E1 (Groundball, 15)
Germán Espantoso to third
Batting: RHB Bill Chaundler 0-0: SINGLE (Popup, 6MS)
Germán Espantoso scores
Orlando Casillas to third
Runner from 3rd tries for Home, SAFE, no throw
Batting: LHB Jackson Curry 0-0: Called Strike
0-1: Foul Ball, location: 2F
0-2: Strikes out swinging
Batting: RHB Scott Ramsey 0-0: Ball
1-0: Swinging Strike
1-1: Ball
2-1: Ball
3-1: Swinging Strike
3-2: Fielders Choice at 2nd, 3-6 (Groundball, 34)
Batting: RHB Christian Gentry 0-0: Called Strike
0-1: Foul Ball, location: 2F
0-2: Ball
1-2: DOUBLE (Flyball, 8LD)
Scott Ramsey to third
Batting: LHB Júlio Madrid 0-0: Called Strike
0-1: Called Strike
0-2: Foul Ball, location: 2F
0-2: Fly out, F9 (Flyball, 9LM)
Bottom of the 5th over - 2 runs, 3 hits, 1 error, 2 left on base; Port Royal 2 - Salt Lake City 5
TOP OF THE 6TH
Port Royal Disaster batting - Pitching for Salt Lake City Buzz : RHP Ben Hopley
Batting: RHB Richard Cutshall 0-0: Called Strike
0-1: Ball
1-1: Ground out 5-3 (Groundball, 56)
Batting: LHB Willis Baker 0-0: Ball
1-0: Ball
2-0: Ball
3-0: Base on Balls
Batting: LHB Mitchell Cusimano 0-0: Ball
1-0: Ball
2-0: Foul Ball, location: 2F
2-1: SINGLE (Line Drive, 89S)
Willis Baker to second
Batting: RHB Ryan Faulkner 0-0: Ball
1-0: Called Strike
1-1: Swinging Strike
1-2: Strikes out looking
Batting: LHB Ricky Payton 0-0: Ball
1-0: Ball
2-0: DOUBLE (Line Drive, 5D)
Willis Baker scores
Mitchell Cusimano to third
Runner from 3rd tries for Home, SAFE, no throw
Batting: SHB Júlio Morín Jr. 0-0: Called Strike
0-1: Ball
1-1: Called Strike
1-2: SINGLE (Groundball, 6D)
Ricky Payton to third
Runner from 3rd tries for Home, SAFE, no throw
Pitching: RHP Juan Rúbio
Batting: RHB Michael Brannon 0-0: Called Strike
0-1: Ball
1-1: Ball
2-1: Ball
3-1: Foul Ball, location: 2F
3-2: Foul Ball, location: 2F
3-2: Strikes out swinging
Top of the 6th over - 3 runs, 3 hits, 0 errors, 1 left on base; Port Royal 5 - Salt Lake City 5
BOTTOM OF THE 6TH
Salt Lake City Buzz batting - Pitching for Port Royal Disaster : RHP Aldo Raine
Pitching: RHP Gunner Hines
Batting: RHB Hui-ying Sun 0-0: Ball
1-0: Foul Ball, location: 2F
1-1: Ball
2-1: SINGLE (Groundball, 34S) (infield hit)
Batting: RHB Manyara Akintola 0-0: Foul Ball, location: 2F
0-1: Grounds into double play, 1-6-3 (Groundball, 13S)
Batting: RHB Germán Espantoso 0-0: Called Strike
0-1: Ground out 6-3 (Groundball, 6)
Bottom of the 6th over - 0 runs, 1 hit, 0 errors, 0 left on base; Port Royal 5 - Salt Lake City 5
TOP OF THE 7TH
Port Royal Disaster batting - Pitching for Salt Lake City Buzz : RHP Juan Rúbio
Batting: RHB John Burton 0-0: Ball
1-0: Ball
2-0: Foul Ball, location: 2F
2-1: DOUBLE (Line Drive, 78D)
Batting: RHB Anson Darrah 0-0: Ball
Wild Pitch!
John Burton to third
1-0: Swinging Strike
1-1: Foul Ball, location: 2F
1-2: Strikes out looking
Batting: RHB Richard Cutshall 0-0: Ball
1-0: Foul Ball, location: 2F
1-1: Foul Ball, location: 2F
1-2: Ground out 6-3 (Groundball, 6)
Batting: LHB Willis Baker 0-0: Ball
1-0: Ball
2-0: Swinging Strike
2-1: Foul Ball, location: 2F
2-2: Ball
3-2: Strikes out swinging
Top of the 7th over - 0 runs, 1 hit, 0 errors, 1 left on base; Port Royal 5 - Salt Lake City 5
BOTTOM OF THE 7TH
Salt Lake City Buzz batting - Pitching for Port Royal Disaster : RHP Gunner Hines
Batting: LHB Orlando Casillas 0-0: Ball
1-0: Swinging Strike
1-1: Ball
2-1: Foul Ball, location: 2F
2-2: Foul Ball, location: 2F
2-2: SINGLE (Flyball, 9S)
Batting: RHB Bill Chaundler 0-0: Ball
Orlando Casillas steals 2nd base
1-0: Called Strike
1-1: Foul Ball, location: 2F
1-2: Ground out U3 (Groundball, 3)
Orlando Casillas to third
Batting: LHB Jackson Curry 0-0: Called Strike
0-1: SINGLE (Line Drive, 8LS)
Orlando Casillas scores
Batting: RHB Scott Ramsey 0-0: Ball
1-0: Ball
2-0: SINGLE (Flyball, 8RS)
Jackson Curry to second
Runner from 2nd tries for 3rd, SAFE, no throw
Batting: RHB Christian Gentry 0-0: Ball
1-0: SINGLE (Groundball, 34D)
Jackson Curry scores
Scott Ramsey to second
Pitching: LHP Magnus Scheving
Pinch Hitting: RHB Fytor Ceia 0-0: Called Strike
0-1: Swinging Strike
0-2: Strikes out looking
Batting: RHB Hui-ying Sun 0-0: Ball
1-0: Fielders Choice at 2nd, 6-4 (Groundball, 6)
Bottom of the 7th over - 2 runs, 4 hits, 0 errors, 2 left on base; Port Royal 5 - Salt Lake City 7
TOP OF THE 8TH
Port Royal Disaster batting - Pitching for Salt Lake City Buzz : RHP Juan Rúbio
Now at SS: Hsui-chuan Hong
Batting: LHB Mitchell Cusimano 0-0: Called Strike
0-1: Hit by Pitch
Batting: RHB Ryan Faulkner 0-0: Called Strike
0-1: Ball
1-1: Called Strike
1-2: Foul Ball, location: 2F
1-2: Strikes out looking
Batting: LHB Ricky Payton 0-0: Ball
1-0: Swinging Strike
1-1: Ball
2-1: Foul Ball, location: 2F
2-2: Foul Ball, location: 2F
2-2: Foul Ball, location: 2F
2-2: Foul Ball, location: 2F
2-2: Strikes out looking
Batting: SHB Júlio Morín Jr. 0-0: Fly out, F8 (Line Drive, 78M)
Top of the 8th over - 0 runs, 0 hits, 0 errors, 1 left on base; Port Royal 5 - Salt Lake City 7
BOTTOM OF THE 8TH
Salt Lake City Buzz batting - Pitching for Port Royal Disaster : LHP Magnus Scheving
Batting: RHB Manyara Akintola 0-0: SINGLE (Groundball, 34D)
Batting: RHB Germán Espantoso 0-0: Ball
1-0: Bunted foul
1-1: Bunted foul
1-2: SINGLE (Line Drive, 78S)
Manyara Akintola to second
Batting: LHB Orlando Casillas 0-0: Called Strike
0-1: Bunted foul
0-2: Ball
1-2: Strikes out swinging
Batting: RHB Bill Chaundler 0-0: Called Strike
0-1: Ball
1-1: Ball
2-1: Called Strike
2-2: Foul Ball, location: 2F
2-2: Foul Ball, location: 2F
2-2: SINGLE (Line Drive, 8LM)
Manyara Akintola to third
Germán Espantoso to second
Pinch Hitting: RHB Vicente Cruz 0-0: SINGLE (Flyball, 89S)
Manyara Akintola scores
Germán Espantoso to third
Bill Chaundler to second
Runner from 3rd tries for Home, SAFE, throw made home
Pitching: RHP Will Moore
Batting: RHB Scott Ramsey 0-0: SINGLE (Groundball, 6MD)
Bill Chaundler to third
Vicente Cruz to second
Runner from 3rd tries for Home, SAFE, no throw
Batting: RHB Christian Gentry 0-0: Grounds into double play, 5-4-3 (Groundball, 56)
Bottom of the 8th over - 3 runs, 5 hits, 0 errors, 1 left on base; Port Royal 5 - Salt Lake City 10
TOP OF THE 9TH
Port Royal Disaster batting - Pitching for Salt Lake City Buzz : RHP Juan Rúbio
Now at 1B: Alje de Gast
Now in RF: Vicente Cruz
Batting: RHB Michael Brannon 0-0: Ball
1-0: Foul Ball, location: 2F
1-1: Foul Ball, location: 2F
1-2: Ball
2-2: Ball
3-2: Strikes out swinging
Batting: RHB John Burton 0-0: SINGLE (Line Drive, 56D)
Batting: RHB Anson Darrah 0-0: Called Strike
0-1: Ball
1-1: Fly out, F8 (Flyball, 8RS)
Batting: RHB Richard Cutshall 0-0: Called Strike
0-1: Ball
1-1: Ball
2-1: Ball
3-1: Called Strike
3-2: Strikes out swinging
Top of the 9th over - 0 runs, 1 hit, 0 errors, 1 left on base; Port Royal 5 - Salt Lake City 10
Friday, March 29th, 2019 - OOTP Baseball 18.8 Build 76